 Dungeon Crawl Stone Soup version 0.23-a0-650-ga4d50d4 (console) character file.

9 Duffy the Firebug (level 2, 19/19 HPs)
             Began as a Demonspawn Fire Elementalist on Jan 3, 2019.
             Quit the game on level 1 of the Dungeon.
             The game lasted 00:00:20 (256 turns).

Duffy the Firebug (Demonspawn Fire Elementalist)     Turns: 256, Time: 00:00:21

Health: 19/19      AC:  2    Str:  8    XL:     2   Next: 6%
Magic:  1/5        EV: 12    Int: 16    God:
Gold:   4          SH:  0    Dex: 13    Spells: 4/5 levels left

rFire    . . .     SeeInvis .   (no weapon)
rCold    . . .     Gourm    .   (no shield)
rNeg     . . .     Faith    .   a - +0 robe
rPois    .         Spirit   .   (helmet restricted)
rElec    .         Reflect  .   (no cloak)
rCorr    .         Harm     .   (no gloves)
MR       .....                  (no boots)
Stlth    ++........             (no amulet)
HPRegen  0.06/turn              (no ring)
MPRegen  0.09/turn              (no ring)

@: no status effects
A: horns 1
a: no special abilities


You were on level 1 of the Dungeon.
You were not hungry.

You visited 1 branch of the dungeon, and saw 1 of its levels.

You collected 4 gold pieces.

Inventory:

Armour
 a - a +0 robe (worn)
Scrolls
 b - a scroll of enchant armour {unknown}
 e - a scroll of identify {unknown}
Potions
 f - a potion of heal wounds {unknown}
Comestibles
 c - a ration
 d - 5 chunks of flesh


   Skills:
 - Level 1.7 Dodging
 - Level 1.7 Stealth
 + Level 2.2 Spellcasting
 + Level 1.4 Conjurations
 + Level 2.9 Fire Magic


You had 4 spell levels left.
You knew the following spells:

 Your Spells              Type           Power        Failure   Level  Hunger
h - Flame Tongue          Conj/Fire      #....        9%          1    #......

Your spell library contained the following spells:

 Spells                   Type           Power        Failure   Level  Hunger
 Throw Flame              Conj/Fire      #.....       13%         2    ###....
 Conjure Flame            Conj/Fire      #.......     26%         3    ###....
 Inner Flame              Hex/Fire       #.......     32%         3    ###....
 Sticky Flame             Conj/Fire      #.......     63%         4    #####..
 Fireball                 Conj/Fire      #.........   93%         5    ######.


Dungeon Overview and Level Annotations

Branches:
Dungeon (1/15)

Altars:


Innate Abilities, Weirdness & Mutations

You have a pair of small horns on your head.


Message History

Found 12 gold pieces.
A dart slug is nearby!
Casting: Flame Tongue (safe; 9% risk of failure)
Confirm with . or Enter, or press ? or * to list all spells.
Aiming: Flame Tongue (safe; 9% risk of failure)
Press: ? - help, Shift-Dir - straight line, f - dart slug
Aim: a dart slug (clinging, resting)
The flame tongue hits the dart slug.
The dart slug is almost dead.
Casting: Flame Tongue (safe; 9% risk of failure)
Confirm with . or Enter, or press ? or * to list all spells.
Aiming: Flame Tongue (safe; 9% risk of failure)
Press: ? - help, Shift-Dir - straight line, f/p - dart slug
Aim: a dart slug (almost dead, clinging)
The flame tongue hits the dart slug.
You kill the dart slug!
You have reached level 2!
Your demonic ancestry asserts itself...
A pair of horns grows on your head!
Are you sure you want to abandon this character and quit the game? (Confirm

#.#..)#.#..#
#####.#.#.#.#..###
#.....#.#.#.#....#
#.###.#.#...#.##.#####
#.###.#.#####.........
#%##..#...............
#.##..#.#####.........
#..'..#.# #.........
####@.#.# #.........
#..#.# #.....%...
...#.. #.........
#%#.### #....).... #.
.. #(........ #$ .###
#.#####.## #. .#..
#.......# ## .#.#
#..####### #.#
#.........


There were no monsters in sight!

Vanquished Creatures
  A dart slug (D:1)
  A hobgoblin (D:1)
  A kobold (D:1)
  2 bats (D:1)
  2 goblins (D:1)
  A rat (D:1)
8 creatures vanquished.

Notes
Turn   | Place    | Note
-------+----------+-------------------------------------------
     0 | D:1      | Duffy the Demonspawn Fire Elementalist began the quest for
                  | the Orb.
     0 | D:1      | Reached XP level 1. HP: 13/13 MP: 3/3
   255 | D:1      | Gained mutation: You have a pair of small horns on your
                  | head. [demonic ancestry]
   255 | D:1      | Reached XP level 2. HP: 19/19 MP: 1/5
   256 | D:1      | Quit the game

Vault maps used:
D:1:      mushboom_english_gardens, roderic_lattice_a,
          hangedman_decor_peaks_small

Action                   || total
-------------------------++-------
 Cast: Flame Tongue      ||    11
Dodge: Dodged            ||     2

Table legend:
 A = Non-vault XP
 B = Vault XP
 C = Vault XP percentage of total XP
 D = Non-vault monster count
 E = Vault monster count
 F = Vault count percentage of total count
                 A         B        C        D         E       F
            +---------+---------+-------+---------+---------+-------
      Total |      14 |       0 |   0.0 |       8 |       0 |   0.0
            +---------+---------+-------+---------+---------+-------
        D:1 |      14 |       0 |   0.0 |       8 |       0 |   0.0
            +---------+---------+-------+---------+---------+-------
